 Seeded DCSS version 0.29-a0-870-g2c972031a6 (webtiles) character file.

Game seed: 8897551386731462229 (custom seed)

4417 wilfster70 the Thaumaturge (level 10, 0/82 (83) HPs)
             Began as a Purple Draconian Air Elementalist on July 17, 2022.
             Was an Initiate of Gozag.
             Slain by a soul eater (6 damage)
             ... summoned by an orc high priest
             ... in a bailey.
             The game lasted 00:31:04 (11527 turns).

wilfster70 the Thaumaturge (DrAE)                  Turns: 11527, Time: 00:31:04

HP:   0/82 (83)     AC: 13    Str: 16    XL:     10   Next: 14%
MP:   1/24          EV: 12    Int: 27    God:    Gozag
Gold: 336           SH:  0    Dex: 12    Spells: 24/29 levels left

rFire   + . .      SeeInvis .   a - +0 dagger (holy)
rCold   + . .      Faith    .   (no shield)
rNeg    + . .      Spirit   .   (body armour unavailable)
rPois   .          Reflect  .   (helmet restricted)
rElec   .          Harm     .   N - +0 cloak
rCorr   .          Rampage  .   k - +0 pair of gloves "Odwaigot" {rF+ Int+4}
Will    +....                   (no boots)
Stlth   ++........              Q - amulet of regeneration
HPRegen 1.03/turn               f - ring of the Real Monster {rC+ rN+ Str+6 Int+3}
MPRegen 0.19/turn               q - +4 ring of protection

@: lightly drained
A: breathe power, AC +7, unfitting armour, cold-blooded
a: Breathe Dispelling Energy, Renounce Religion, Potion Petition, Call Merchant,
Bribe Branch


You were in a bailey.
You worshipped Gozag.
Gozag was aware of your devotion.
You visited 1 branch of the dungeon, and saw 8 of its levels.
You also visited: Ossuary and Bailey.

You collected 1472 gold pieces.
You paid 1136 gold pieces to Gozag.

Inventory:

Hand Weapons
 a - a +0 dagger of holy wrath (weapon)
 b - a +2 broad axe of electrocution
Missiles
 d - 2 javelins
 t - 33 poisoned darts
Armour
 k - the +0 pair of gloves "Odwaigot" (worn) {rF+ Int+4}
   (You acquired it on level 1 of the Dungeon)

   Int:       It affects your intelligence (+4).
   rF:        It protects you from fire.
 N - a +0 cloak (worn)
Jewellery
 f - the ring of the Real Monster (left hand) {rC+ rN+ Str+6 Int+3}
   (You acquired it on level 1 of the Dungeon)

   [ring of strength]

   Str:       It affects your strength (+6).
   Int:       It affects your intelligence (+3).
   rC:        It protects you from cold.
   rN:        It protects you from negative energy.
 p - an amulet of the acrobat
 q - a +4 ring of protection (right hand)
 w - a ring of fire
 Q - an amulet of regeneration (around neck)
Wands
 y - a wand of charming (10)
 A - a wand of roots (2)
 D - a wand of light (10)
 F - a wand of flame (18)
 K - a wand of mindburst (11)
 O - a wand of digging (5)
Scrolls
 e - 3 scrolls of poison {unknown}
 g - a scroll of fear {unknown}
 i - 2 scrolls of magic mapping
 j - 4 scrolls of noise {unknown}
 l - 3 scrolls of amnesia {unknown}
 m - a scroll of vulnerability {unknown}
 n - 7 scrolls of teleportation {unknown}
 o - a scroll of enchant weapon {unknown}
 r - 4 scrolls of identify
 s - 6 scrolls of blinking {unknown}
 u - a scroll of brand weapon {unknown}
 z - a scroll of fog {unknown}
 B - a scroll of silence {unknown}
 C - a scroll of torment {unknown}
 L - a scroll of immolation {unknown}
Potions
 c - a potion of magic
 h - 8 potions of curing
 v - 3 potions of mutation {unknown}
 x - 2 potions of flight {unknown}
 E - 4 potions of resistance {unknown}
 G - a potion of invisibility {unknown}
 H - a potion of heal wounds {unknown}
 I - a potion of brilliance {unknown}
 J - a potion of lignification {unknown}
 M - 3 potions of haste {unknown}
 P - a potion of attraction {unknown}


   Skills:
 - Level 6.0 Fighting
 + Level 6.2 Axes
 - Level 1.0 Throwing
 - Level 1.7 Dodging
 - Level 1.7 Stealth
 - Level 10.0 Spellcasting
 - Level 3.0 Conjurations
 - Level 6.0 Air Magic
 - Level 6.0 Evocations


You had 24 spell levels left.
You knew the following spells:

 Your Spells              Type           Power      Damage    Failure   Level
a - Shock                 Conj/Air       100%       1d9       1%          1
b - Airstrike             Air            22%        0-8+      3%          4

Your spell library contained the following spells:

 Spells                   Type           Power      Damage    Failure   Level
 Static Discharge         Conj/Air       37%        3-8/arc   1%          2
 Swiftness                Air            45%        N/A       1%          3
 Apportation              Tloc           26%        N/A       4%          1
 Necrotise                Necr           52%        1d6       4%          1
 Summon Small Mammal      Summ           52%        N/A       4%          1
 Ensorcelled Hibernation  Hex/Ice        26%        N/A       6%          2
 Passwall                 Tmut/Erth      10%        N/A       6%          2


Dungeon Overview and Level Annotations

Branches:
Dungeon (8/15)             Temple (0/1) D:7         Ossuary (visited)
 Bailey (1/1)
   Lair: D:8-11

Altars:
Cheibriados
Fedhas
Gozag
Hepliaklqana
Kikubaaqudgha
Makhleb
Ru
Trog
Xom
Yredelemnul
The Shining One

Annotations:
D:4 2 transporters, Ymberto's ghost, amateur HuHu
D:8 Amaemon


Innate Abilities, Weirdness & Mutations

You can breathe bolts of dispelling energy.
Your rich purple scales are hard. (AC +7)
You cannot fit into any form of body armour.
You are cold-blooded and may be slowed by cold attacks.


Message History

Casting: Shock (safe; 1% risk of failure)
Confirm with . or Enter, or press ? or * to list all spells.
You don't have enough magic to cast this spell.
Casting: Shock (safe; 1% risk of failure)
Confirm with . or Enter, or press ? or * to list all spells.
You don't have enough magic to cast this spell.
You hit the orc high priest but do no damage.
Your tail-slap misses the orc high priest.
The orc high priest is almost dead.
The orc high priest invokes the aid of Beogh against you.
Pain shoots through your body! The hellwing hits you!
The hellwing hits you but does no damage.
The smoke demon closely misses you. The smoke demon misses you.
The smoke demon hits you but does no damage.
You hit the orc high priest but do no damage.
The orc high priest is almost dead.
The orc high priest mumbles some strange prayers to Beogh.
The hellwing hits you!
The hellwing hits you but does no damage.
The smoke demon hits you. The smoke demon barely misses you.
The smoke demon hits you but does no damage.
You completely miss the orc high priest.
The orc high priest is almost dead.
The smoke demon disappears in a puff of smoke!
The orc high priest hits you with a +0 war axe.
The smoke demon hits you. The smoke demon misses you.
The smoke demon hits you but does no damage.
The soul eater hits you! You partially resist.
You feel drained.
The hellwing hits you but does no damage. x2
You hit the orc high priest but do no damage.
The orc high priest is almost dead.
The orc high priest calls down the wrath of Beogh upon you.
Beogh smites you!
* * * LOW HITPOINT WARNING * * *
The smoke demon gestures at you. Beogh smites you!
* * * LOW HITPOINT WARNING * * *
The soul eater hits you.
You die...
Your body crumbles into a pile of gold.

#### ...+$ #..###
#.... ... ##'# #..#
#o4# #@3# #)3# #).#
#)## #. #).# #.8
#8.# #.. #..#
#.8#### ####8.#
#.....#######.....#


You could see a soul eater (summoned), an orc high priest, a hellwing (summoned)
and a smoke demon (summoned).

Vanquished Creatures
  The ghost of yokelz the Conjurer, a novice TeVM of Vehumet (D:7)
  Pikel (D:5)
  Menkaure (D:7)
  A sky beast (D:7)
  3 ice beasts (D:6)
  5 orc warriors (Bailey)
  2 black bears
  2 ogres
  A phantom (D:6)
  A centaur (D:6)
  An elf zombie (Ossuary)
  Blork the orc (D:5)
  3 kobold brigands
  A bullfrog (D:7)
  2 scorpions
  A necrophage (D:7)
  5 wights (D:7)
  5 killer bees (D:8)
  3 centaur zombies (Ossuary)
  3 hounds (D:4)
  4 orc priests
  Crazy Yiuf (D:6)
  2 human zombies (Ossuary)
  2 iguanas
  4 orc wizards
  2 killer bee zombies (D:7)
  2 mummies (Ossuary)
  12 adders
  8 gnolls
  A shadow imp (D:7)
  2 white imps (D:5)
  An adder zombie (Ossuary)
  3 worms
  2 dart slugs
  41 orcs
  8 ball pythons
  4 bats
  10 endoplasms
  4 giant cockroaches
  6 goblins
  9 hobgoblins
  4 jackals (D:1)
  25 kobolds
  7 frilled lizards
  3 goblin zombies (Ossuary)
  7 hobgoblin zombies (Ossuary)
  8 kobold zombies (Ossuary)
  10 orc zombies (Ossuary)
  A rat (D:3)
  A rat zombie (Ossuary)
237 creatures vanquished.

Vanquished Creatures (others)
  2 fungi (D:2)
  2 plants (D:2)
4 creatures vanquished.

Grand Total: 241 creatures vanquished

Notes
Turn   | Place    | Note
-------+----------+-------------------------------------------
     0 | D:1      | wilfster70 the Draconian Air Elementalist began the quest
                  | for the Orb.
     0 | D:1      | Reached XP level 1. HP: 14/14 MP: 3/3
   590 | D:1      | Reached XP level 2. HP: 10/20 MP: 0/5
   962 | D:1      | Identified a scroll of acquirement
   962 | D:1      | Acquired the ring of the Real Monster {rC+ rN+ Str+6 Int+3}
  1377 | D:1      | Acquired the +0 pair of gloves "Odwaigot" {rF+ Int+4}
  1589 | D:2      | Reached XP level 3. HP: 26/26 MP: 1/6
  1660 | D:2      | Found a faded altar of an unknown god.
  2059 | D:2      | Reached XP level 4. HP: 31/33 MP: 2/8
  2143 | D:2      | Learned a level 4 spell: Airstrike
  2373 | D:2      | Reached skill level 3 in Spellcasting
  3208 | D:3      | Reached XP level 5. HP: 38/38 MP: 3/9
  3882 | D:3      | Found a bloodstained altar of Trog.
  3939 | D:3      | Reached XP level 6. HP: 45/45 MP: 3/11
  4076 | D:3      | Found a shimmering altar of Xom.
  4238 | D:3      | Reached skill level 5 in Air Magic
  4556 | D:4      | Found a hazy altar of Hepliaklqana.
  4556 | D:4      | Found an ancient bone altar of Kikubaaqudgha.
  4844 | D:4      | Found a burning altar of Makhleb.
  4949 | D:4      | Found a blossoming altar of Fedhas.
  4949 | D:4      | Found a snail-covered altar of Cheibriados.
  5074 | D:4      | Found an opulent altar of Gozag.
  5088 | D:4      | Became a worshipper of Gozag Ym Sagoz the Greedy
  5134 | D:4      | Found a transporter.
  5138 | D:4      | Noticed Ymberto's ghost (amateur HuHu)
  5146 | D:4      | Found a transporter.
  5225 | D:5      | Entered Level 5 of the Dungeon
  5243 | D:4      | Reached skill level 4 in Spellcasting
  5479 | D:4      | Your scales start taking on a rich purple colour.
  5479 | D:4      | Reached skill level 5 in Spellcasting
  5479 | D:4      | Reached XP level 7. HP: 19/50 MP: 5/15
  5706 | D:5      | Reached skill level 6 in Spellcasting
  5896 | D:5      | Noticed Pikel
  5900 | D:5      | Killed Pikel
  5901 | D:5      | Reached XP level 8. HP: 70/70 MP: 0/17
  6116 | D:5      | Reached skill level 1 in Throwing
  6151 | D:5      | Noticed Blork the orc
  6155 | D:5      | Killed Blork the orc
  6156 | D:5      | Reached skill level 1 in Evocations
  6687 | D:6      | Found a glowing golden altar of the Shining One.
  6744 | D:6      | Found a sacrificial altar of Ru.
  6999 | D:6      | Reached skill level 5 in Evocations
  7804 | D:6      | Reached skill level 7 in Spellcasting
  7804 | D:6      | Reached XP level 9. HP: 65/75 MP: 5/19
  8012 | D:6      | Found a runed translucent door.
  8013 | D:6      | Noticed Crazy Yiuf
  8018 | D:6      | Killed Crazy Yiuf
  8626 | D:7      | Reached skill level 8 in Spellcasting
  8809 | D:7      | Found a staircase to the Ecumenical Temple.
  8839 | D:7      | Found a sand-covered staircase.
  8840 | D:7      | Noticed Menkaure
  8843 | D:7      | Killed Menkaure
  8854 | Ossuary  | Entered an ossuary
  9120 | Ossuary  | Reached skill level 9 in Spellcasting
  9834 | D:7      | Reached skill level 10 in Spellcasting
  9895 | D:7      | Reached skill level 1 in Axes
  9997 | D:7      | Found a runed translucent gate.
  9997 | D:7      | Found a runed translucent gate.
  9997 | D:7      | Found a runed translucent gate.
  9997 | D:7      | Noticed yokelz's ghost (novice TeVM)
  9999 | D:7      | Found a basalt altar of Yredelemnul.
 10445 | D:7      | Killed yokelz's ghost
 10600 | D:8      | Reached skill level 5 in Axes
 10609 | D:8      | Reached XP level 10. HP: 60/83 MP: 10/24
 10747 | D:8      | Found a flagged portal.
 10749 | D:8      | Noticed Amaemon
 10767 | D:8      | Noticed an orange demon
 10979 | Bailey   | Entered a bailey
 11513 | Bailey   | Noticed an orc high priest
 11523 | Bailey   | Noticed a smoke demon
 11526 | Bailey   | Noticed a smoke demon
 11526 | Bailey   | Noticed a soul eater
 11527 | Bailey   | Slain by a soul eater

Illustrated notes

Levels and vault maps discovered:
D:1:      lemuel_arrival_behind_the_door_large, layout_basic, minivault_24,
          dreamdust_wishing_well, moated_statue, minmay_hedge_maze
D:2:      layout_basic, dreamdust_ecumenical_altar_grove, eino_tiny_chamber,
          minmay_joined_circles
D:3:      layout_loops_ring, bloody_trog, mainiacjoe_overflow_tiny_flanked,
          minmay_fractal_squares_gapless_5
D:4:      layout_basic, bloody_makhleb, lemuel_crystal_altar,
          gammafunk_temple_overflow_pools, grunt_temple_overflow_open,
          gammafunk_ghost_mausoleum
D:5:      layout_cave_pools, minmay_misc_feat_x, uniq_blork_the_orc, uniq_pikel
D:6:      layout_basic, mainiacjoe_overflow_catch_the_wave,
          minmay_misc_feat_pillars, minivault_24, uniq_crazy_yiuf_cottage
D:7:      layout_rooms, nicolae_yredelemnul_ghost_church,
          minmay_temple_entry_ruins, chequers_ossuary_entry_cave,
          corexii_corridor_pit, uniq_menkaure
D:8:      layout_loops_cross, enter_bailey_5, uniq_amaemon
Bailey:   bailey_axe_of_yendor_kennysheep, bailey

Skill      XL: |  1  2  3  4  5  6  7  8  9 10 |
---------------+-------------------------------+-----
Conjurations   | 2 3 |  3.0
Spellcasting   | 3 5 6 7 10 | 10.0
Air Magic      | 4 6 |  6.0
Fighting       | 6 |  6.0
Throwing       | 1 |  1.0
Evocations     | 6 |  6.0
Axes           | 5 6 |  6.2
Dodging        | |  1.7
Stealth        | |  1.7

Action                   |  1- 3 |  4- 6 |  7- 9 | 10-12 || total
-------------------------+-------+-------+-------+-------++-------
Melee: Short sword       |    20 |       |       |       ||    20
       Tailslap          |     2 |     2 |    27 |       ||    31
       Dagger            |       |    18 |   151 |     8 ||   177
       Punch             |       |       |     1 |       ||     1
 Cast: Shock             |    66 |   175 |   141 |    45 ||   427
       Airstrike         |       |     1 |    85 |    28 ||   114
Invok: Potion Petition   |       |       |       |     2 ||     2
 Abil: Breathe Dispellin |       |       |     6 |     2 ||     8
Evoke: Wand              |       |       |       |     1 ||     1
  Use: Scroll            |     2 |     1 |     2 |     1 ||     6
       Potion            |       |       |       |     3 ||     3
Armor: Skin              |    30 |    61 |   178 |    26 ||   295
Dodge: Dodged            |    58 |    74 |   186 |    37 ||   355

Table legend: (Time is in decaauts)
 A = Elapsed time spent in this place.
 B = Non-inter-level travel time spent in this place.
 C = Inter-level travel time spent in this place.
 D = Time resting spent in this place.
 E = Time spent auto-exploring this place.
 F = Levels seen in this place.
 G = Mean time per level.
                   A        B        C        D        E       F      G
               +--------+--------+--------+--------+--------+-----+--------+
         Total |  11523 |  11337 |    186 |   4474 |   3259 |  10 | 1152.3 |
       Dungeon |  10348 |  10162 |    186 |   3959 |   3182 |   8 | 1293.5 |
       Ossuary |    640 |    640 |      0 |    166 |     77 |   1 |  640.0 |
        Bailey |    534 |    534 |      0 |    349 |      0 |   1 |  534.0 |
               +--------+--------+--------+--------+--------+-----+--------+

Top non-repeatable levels by time:
     D:6: 1896 daAuts
     D:2: 1656 daAuts
     D:7: 1529 daAuts
     D:1: 1395 daAuts
     D:4: 1350 daAuts
     D:3: 1260 daAuts
     D:5: 1005 daAuts
 Ossuary: 640 daAuts
  Bailey: 534 daAuts
     D:8: 253 daAuts
